 Dungeon Crawl Stone Soup version 0.32-a0-607-g64ea0e4219 (webtiles) character file.

Game seed: 10143914777421317104

2263137 TheMeInTeam the Acrobat (level 27, 233/233 HPs)
             Began as a Coglin Enchanter on Mar 3, 2024.
             Was the Champion of Nemelex Xobeh.
             Escaped with the Orb
             ... and 4 runes on Mar 4, 2024!
             The game lasted 04:19:56 (72493 turns).

TheMeInTeam the Acrobat (Coglin Enchanter)         Turns: 72493, Time: 04:19:56

Health: 233/233    AC: 21    Str:  6 (7)  XL:     27
Magic:  37/37      EV: 35    Int: 23 (24) God:    Nemelex Xobeh [******]
Gold:   5735       SH:  0    Dex: 28 (30) Spells: 20/46 levels left

rFire   + . .        a - +9 quick blade (spect) {Jaspreet}
rCold   + . .        J - +12 rapier of Famine {vamp, *Slow Will+ rCorr Dex+4}
rNeg    . . .        D - +3 leather armour {rF+}
rPois   +            X - +2 helmet {Int+3}
rElec   +            r - +2 cloak {Will+}
rCorr   +            k - +2 pair of gloves
SInv    .            v - +0 pair of boots of the Barracuda {+Inv rPois}
Will    ++++.        (amulet unavailable)
Stlth   ++           (ring unavailable)
HPRegen 1.38/turn    (ring unavailable)
MPRegen 0.65/turn    P - neoneodymium dynamo {rElec Regen+ RegenMP+ Slay+3}

%: slow self (1%)
@: studying 2 skills
A: off-hand wielding, slow wielding, warmup strikes, no jewellery, camouflage 1,
clever 1, cold resistance 1
0: Orb of Zot
}: 4/15 runes: decaying, serpentine, slimy, silver
a: Renounce Religion, Evoke Invisibility, Draw Escape, Draw Destruction, Draw
Summoning, Draw Stack, Triple Draw, Deal Four, Stack Five


You escaped.
You worshipped Nemelex Xobeh.
Nemelex Xobeh was exalted by your worship.
You visited 10 branches of the dungeon, and saw 52 of its levels.

You collected 7942 gold pieces.
You spent 2207 gold pieces at shops.

Inventory:

Hand Weapons
 a - a +9 spectral quick blade (weapon) {Jaspreet}
 s - the +1 short sword of Awkwardness {pain, rF+}
   (You took it off a necromancer on level 2 of the Vaults)

   rF+:       It protects you from fire.
 J - the +12 rapier of Famine (offhand) {vamp, *Slow Will+ rCorr Dex+4}
   (You acquired it on level 9 of the Dungeon)

   Dex+4:     It affects your dexterity (+4).
   Will+:     It increases your willpower.
   rCorr:     It protects you from acid and corrosion.
   *Slow:     It may slow you when you take damage.
Missiles
 B - 4 throwing nets
Armour
 k - a +2 pair of gloves (worn)
 r - a +2 cloak of willpower (worn)
 v - the +0 pair of boots of the Barracuda (worn) {+Inv rPois}
   (You found it on level 5 of the Pits of Slime)

   rPois:     It protects you from poison.
   +Inv:      It lets you turn invisible.
 D - a +3 leather armour of fire resistance (worn)
 R - an orb of guile
 X - a +2 helmet of intelligence (worn)
Gizmo
 P - a neoneodymium dynamo (installed) {rElec Regen+ RegenMP+ Slay+3}
   (You invented it yourself on level 4 of the Lair of Beasts)

   [neoneodymium dynamo]

   Slay+3:    It affects your accuracy & damage with ranged weapons and melee
   (+3).
   rElec:     It insulates you from electricity.
   Regen+:    It increases your rate of health regeneration.
   RegenMP+:  It increases your rate of magic regeneration.
Wands
 t - a wand of charming (93)
 w - a wand of iceblast (100)
 y - a wand of quicksilver (67)
 E - a wand of polymorph (26)
 K - a wand of mindburst (29)
 U - a wand of digging (14)
Scrolls
 c - 29 scrolls of identify
 d - 7 scrolls of fear
 f - 6 scrolls of enchant weapon
 g - 8 scrolls of poison
 j - 6 scrolls of fog
 n - 10 scrolls of teleportation
 p - 6 scrolls of enchant armour
 u - 7 scrolls of amnesia
 z - 11 scrolls of immolation
 G - 2 scrolls of torment
 H - 2 scrolls of blinking
 I - 3 scrolls of silence
 L - a scroll of revelation
 O - 4 scrolls of butterflies
 Z - 3 scrolls of vulnerability
Potions
 e - 7 potions of mutation
 h - 17 potions of curing
 i - 6 potions of might
 m - 2 potions of heal wounds
 o - 4 potions of enlightenment
 q - 3 potions of resistance
 x - 3 potions of magic
 F - 8 potions of lignification
 M - 2 potions of ambrosia
 Q - 5 potions of invisibility
 T - 3 potions of cancellation
 V - 4 potions of berserk rage
Miscellaneous
 b - a phial of floods
 l - a lightning rod (4/4)
 A - a sack of spiders
 C - a phantom mirror
 S - a tin of tremorstones (2/2)


   Skills:
 + Level 22.5 Fighting
 - Level 14.0 Short Blades
 - Level 17.0 Armour
 + Level 23.9 Dodging
 - Level 10.0 Stealth
 - Level 10.0 Spellcasting
 - Level 6.0 Conjurations
 - Level 13.0 Hexes
 - Level 4.0 Translocations
 - Level 6.0 Air Magic
 - Level 12.0 Alchemy
 - Level 10.0 Invocations
 - Level 16.0 Evocations


You had 20 spell levels left.
You knew the following spells:

 Your Spells              Type           Power      Damage    Failure   Level
a - Mercury Vapours       Alch/Air       100%       N/A       1%          2
c - Dazzling Flash        Conj/Hex       100%       N/A       1%          3
d - Olgreb's Toxic Radia  Alch           61%        N/A       1%          4
f - Confusing Touch       Hex            63%        N/A       1%          3
g - Tukima's Dance        Hex            63%        N/A       1%          3
r - Mephitic Cloud        Conj/Alch/Air  48%        N/A       1%          3
s - Blink                 Tloc           58%        N/A       2%          2
v - Slow                  Hex            100%       N/A       1%          1
w - Yara's Violent Unrav  Hex/Alch       31%        3d13      1%          5

Your spell library contained the following spells:

 Spells                   Type           Power      Damage    Failure   Level
 Magic Dart               Conj           100%       1d8       1%          1
 Shock                    Conj/Air       100%       1d9       1%          1
 Sting                    Conj/Alch      100%       1d9       1%          1
 Cigotuvi's Dreadful Rot  Necr/Alch/Air  78%        N/A       1%          2
 Ensorcelled Hibernation  Hex/Ice        82%        N/A       1%          2
 Jinxbite                 Hex            100%       N/A       1%          2
 Momentum Strike          Conj/Tloc      68%        3d9       1%          2
 Searing Ray              Conj           78%        2d7       1%          2
 Inner Flame              Hex/Fire       41%        N/A       1%          3
 Sigil of Binding         Hex            63%        N/A       1%          3
 Swiftness                Air            39%        N/A       1%          3
 Fulminant Prism          Conj/Alch      26%        3d13      1%          4
 Alistair's Intoxication  Alch           40%        N/A       1%          5
 Kiss of Death            Conj/Necr      100%       2d13      2%          1
 Lesser Beckoning         Tloc           58%        N/A       2%          2
 Dimensional Bullseye     Hex/Tloc       25%        N/A       2%          4
 Gell's Gravitas          Tloc           29%        N/A       4%          3
 Teleport Other           Tloc           29%        N/A       4%          3
 Anguish                  Hex/Necr       20%        N/A       4%          4
 Hailstorm                Conj/Ice       25%        3d7       6%          3
 Stone Arrow              Conj/Erth      50%        3d10      6%          3
 Airstrike                Air            19%        2d(3-19)  6%          4
 Leda's Liquefaction      Alch/Erth      19%        N/A       6%          4
 Petrify                  Alch/Erth      39%        N/A       6%          4
 Sticky Flame             Fire/Alch      39%        2d8       6%          4
 Freeze                   Ice            44%        1d6       8%          1
 Eringya's Noxious Bog    Alch           30%        4d6       9%          6
 Volatile Blastmotes      Fire/Tloc      40%        2d13      10%         3
 Iskenderun's Mystic Bla  Conj/Tloc      34%        2d8       10%         4
 Vhi's Electric Charge    Tloc/Air       68%        N/A       10%         4
 Call Imp                 Summ           22%        N/A       11%         2
 Sublimation of Blood     Necr           11%        N/A       11%         2
 Metabolic Englaciation   Hex/Ice        20%        N/A       14%         5
 Arcjolt                  Conj/Air       19%        1d29      17%         5
 Iskenderun's Battlesphe  Conj           39%        2d9       17%         5
 Call Canine Familiar     Summ           11%        N/A       22%         3
 Frozen Ramparts          Ice            22%        1d4       22%         3
 Fugue of the Fallen      Necr           11%        N/A       22%         3
 Ozocubu's Armour         Ice            11%        N/A       22%         3
 Summon Ice Beast         Ice/Summ       11%        N/A       22%         3
 Vampiric Draining        Necr           11%        2d6       22%         3
 Brom's Barrelling Bould  Conj/Erth      25%        2d5       22%         4
 Flame Wave               Conj/Fire      25%        2d8       22%         4
 Summon Lightning Spire   Summ/Air       25%        N/A       22%         4
 Enfeeble                 Hex            31%        N/A       30%         7
 Freezing Cloud           Conj/Ice/Air   14%        6-21      36%         5
 Fireball                 Conj/Fire      12%        3d7       52%         5
 Animate Armour           Summ/Erth      22%        N/A       58%         4
 Animate Dead             Necr           11%        N/A       58%         4
 Dispel Undead            Necr           11%        3d9       58%         4
 Martyr's Knell           Necr/Summ      11%        N/A       58%         4
 Summon Forest            Summ/Tloc      10%        N/A       65%         5
 Conjure Ball Lightning   Conj/Air       19%        3x3d6     67%         6
 Sculpt Simulacrum        Ice/Alch       19%        N/A       67%         6
 Borgnjor's Vile Clutch   Necr/Erth      5%         N/A       90%         5
 Lee's Rapid Deconstruct  Erth           5%         3d6*      90%         5
 Dispersal                Tloc           14%        N/A       91%         6
 Discord                  Hex            31%        N/A       93%         8
 Bombard                  Conj/Erth      12%        9d3       97%         6
 Plasma Beam              Fire/Air       12%        2x1d23    97%         6
 Starburst                Conj/Fire      12%        6d5       97%         6
 Orb of Destruction       Conj           19%        9d8       99%         7
 Death Channel            Necr           5%         N/A       100%        6
 Haunt                    Necr/Summ      5%         N/A       100%        7
 Ozocubu's Refrigeration  Ice            5%         4d8       100%        7
 Spellforged Servitor     Conj/Summ      12%        N/A       100%        7
 Summon Hydra             Summ           5%         N/A       100%        7
 Disjunction              Tloc           14%        N/A       100%        8
 Infestation              Necr           5%         N/A       100%        8
 Lehudib's Crystal Spear  Conj/Erth      12%        10d4      100%        8
 Maxwell's Capacitive Co  Air            19%        ∞         100%        8
 Chain Lightning          Conj/Air       19%        3d26      100%        9
 Fire Storm               Conj/Fire      12%        8d3       100%        9
 Polar Vortex             Ice            5%         N/A       100%        9
 Shatter                  Erth           5%         3d8*      100%        9


Dungeon Overview and Level Annotations

Branches:
Dungeon (15/15)            Temple (0/1) D:7            Lair (5/5) D:10
  Swamp (4/4) Lair:3        Snake (4/4) Lair:2        Slime (5/5) Lair:5
    Orc (2/2) D:10            Elf (3/3) Orc:2        Vaults (5/5) D:13
  Crypt (0/3) Vaults:2     Depths (4/4) D:15            Zot (5/5) Depths:4

Altars:
Cheibriados
Dithmenos
Gozag
Kikubaaqudgha
Nemelex Xobeh
Okawaru
Qazlal
Trog
Wu Jian
Yredelemnul
Beogh
Jiyva

Shops:
D:6 *   D:9 ?   D:10 (   D:15 =[[   Orc:2 [**?   Elf:2 [   Snake:1 ?[
Snake:3 (   Vaults:5 [

Portals:
Hell: Depths:1 Depths:2 Depths:3 Depths:4
Abyss: Depths:3
Pandemonium: Depths:2
Ziggurat: Depths:1
Trove: Vaults:2 (give 2 scrolls of acquirement)

Annotations:
Lair:4 exclusion: 3 oklob plants
Elf:2 6 transporters
Elf:3 3 runed translucent doors, exclusion: 3 doors
Vaults:2 2 transporters, Jyghoireu's ghost, veteran HOMo


Innate Abilities, Weirdness & Mutations

You can wield a second weapon in your off-hand.
It takes a long time for you to wield or remove held weapons.
Your first few attacks do less damage.
You cannot equip rings or amulets.
Your skin changes colour to match your surroundings (Stealth+).
Your mind is acute. (Int +4, Str/Dex -1)
Your flesh is cold resistant. (rC+)


Message History

You go up through the gate.
Welcome back to the Depths!
There is a gate to the Realm of Zot here.
As you read the scroll of teleportation, it crumbles to dust.
You feel strangely unstable.
You feel the Orb delaying your translocation!
You start waiting.
Your surroundings suddenly seem different.
Things that are here:
a +0 cloak; a +0 short sword A sun demon comes into view.
The sun demon hits you but does no damage.
You hit the sun demon with the +12 rapier of Famine.
The sun demon is lightly wounded.
You hit the sun demon with your +9 spectral quick blade.
You puncture the sun demon with your +9 spectral quick blade!
The sun demon is moderately wounded.
Your +9 spectral quick blade {Jaspreet} hits the sun demon. x2
The sun demon misses you.
You puncture the sun demon with your +9 spectral quick blade!
You hit the sun demon but do no damage.
The sun demon is severely wounded.
You hit the sun demon but do no damage.
Your +9 spectral quick blade {Jaspreet} hits the sun demon but does no damage.
Your +9 spectral quick blade {Jaspreet} hits the sun demon.
You puncture the sun demon with your +9 spectral quick blade! x2
You kill the sun demon!
Your +9 spectral quick blade {Jaspreet} disappears.
You feel your dexterity returning.
There is an open gate here.
There is an open door here.
A Hell Sentinel comes into view.
The Hell Sentinel moves out of view.
There is an open door here.
There is a stone staircase leading up here.
You climb upwards.
There is a stone staircase leading down, spattered with blood here.
Things that are here:
a +0 mace; a +3 war axe; a green draconian skeleton
There is a stone staircase leading up here.
You climb upwards.
There is a stone staircase leading down here.
A daeva comes into view.
It is wielding a +5 scimitar of holy wrath.
The daeva shouts!
Okay, then.
You hit the daeva but do no damage.
You puncture the daeva with your +9 spectral quick blade!
The daeva is lightly wounded.
You impale the daeva with the +12 rapier of Famine!!
The daeva blocks your +9 spectral quick blade {Jaspreet}'s attack.
Your +9 spectral quick blade {Jaspreet} completely misses the daeva.
An Ice Fiend comes into view.
Blink to where?
Press: ? - help, Dir - move target
As you read the scroll of blinking, it crumbles to dust.
Your +9 spectral quick blade {Jaspreet} disappears.
The Ice Fiend moves out of view.
There is a stone staircase leading up here.
The daeva calls down the wrath of the Shining One upon you.
The Shining One smites you!
You climb upwards.
There is a stone staircase leading down here.
HP restored.
A reaper and 2 demonspawn warmongers come into view.
A demonspawn warmonger is wielding a +1 vampiric glaive.
The reaper is wielding a +2 scythe of protection.
A demonspawn warmonger is wielding a +2 demon blade of venom and wearing a +1 kite shield of protection.
You feel yourself speed up.
The demonspawn warmonger shouts!
There is an open door here.
The demonspawn warmonger calls upon its god to speed up the demonspawn warmonger.
The demonspawn warmonger seems to speed up.
There is an open door, spattered with blood here.
Things that are here:
a +2 great sword of flaming; a fire giant skeleton You see here an iron dragon skeleton.
The demonspawn warmonger calls upon its god to speed up something.
There is an open door here.
There is an open door here.
There is an open door here.
There is an open door, spattered with blood here.
Things that are here:
a +0 chain mail; a +1 great mace of flaming; a human skeleton
Things that are here:
5 large rocks; a stone giant skeleton Your extra speed is starting to run out.
There is an open door here.
You see here a sphinx skeleton.
There is a staircase back to the Dungeon here.
You climb upwards.
Welcome back to the Dungeon!
There is a staircase to the Depths here.
You feel yourself slow down.
There is a stone staircase leading up here.
You climb upwards.
There is a stone staircase leading down here.
There is an escape hatch in the ceiling here.
A mysterious force pulls you upwards. The hatch slams shut behind you.
You open the door.
There is an open door here.
A Brimstone Fiend comes into view.
As you read the scroll of fog, it dissolves into smoke.
The Brimstone Fiend gestures at you.
The sphere of damnation explodes!
The damnation engulfs you!!!
There is an open door here.
There is an open door here.
An Executioner comes into view.
The Executioner gestures.
The Executioner seems to speed up.
You miss the Executioner with your +9 spectral quick blade.
You hit the Executioner with your +9 spectral quick blade.
The Executioner is lightly wounded.
You barely miss the Executioner with the +12 rapier of Famine.
Your +9 spectral quick blade {Jaspreet} hits the Executioner!
Your +9 spectral quick blade {Jaspreet} hits the Executioner.
The Executioner misses you. The Executioner completely misses you.
The Executioner hits you.
You puncture the Executioner with your +9 spectral quick blade! x2
The Executioner is heavily wounded.
You miss the Executioner with the +12 rapier of Famine.
Your +9 spectral quick blade {Jaspreet} hits the Executioner!
Your +9 spectral quick blade {Jaspreet} closely misses the Executioner.
The Executioner hits you but does no damage.
The Executioner completely misses you. The Executioner closely misses you.
The Executioner completely misses you. The Executioner hits you.
The Executioner hits you but does no damage.
You barely miss the Executioner with the +12 rapier of Famine.
The Executioner is severely wounded.
You closely miss the Executioner with your +9 spectral quick blade.
You hit the Executioner with your +9 spectral quick blade.
The Executioner is almost dead.
Your +9 spectral quick blade {Jaspreet} hits the Executioner but does no damage.
Your +9 spectral quick blade {Jaspreet} barely misses the Executioner.
The Executioner misses you.
The Executioner completely misses you. x2
You hit the Executioner with your +9 spectral quick blade.
You puncture the Executioner with your +9 spectral quick blade!
You kill the Executioner!
Your +9 spectral quick blade {Jaspreet} disappears.
There is an escape hatch in the ceiling here.
A mysterious force pulls you upwards. The hatch slams shut behind you.
You enter the shallow water.
Moving in this stuff is going to be slow.
HP restored.
Items here: ))) [ ÷.
Items here: ( )) [ ÷.
Things that are here:
a +0 whip of electrocution; an orc skeleton You see here a +2 robe of cold resistance.
There is a stone staircase leading up here.
You climb upwards.
There is a stone staircase leading down here.
There is a stone staircase leading up here.
You climb upwards.
There is a stone staircase leading down here.
There is a stone staircase leading up here.
You climb upwards.
There is a stone staircase leading down here.
There is a stone staircase leading up, spattered with blood here.
You climb upwards.
There is a stone staircase leading down here.
There is a stone staircase leading up here.
You climb upwards.
There is a stone staircase leading down here.
There is a stone staircase leading up here.
You climb upwards.
There is a stone staircase leading down here.
As you read the scroll of teleportation, it crumbles to dust.
You feel strangely unstable.
You feel the Orb delaying your translocation!
You start waiting.
Your surroundings seem slightly different.
As you read the scroll of teleportation, it crumbles to dust.
You feel strangely unstable.
You feel the Orb delaying your translocation!
You start waiting.
Your surroundings suddenly seem different.
There is a stone staircase leading up here.
You climb upwards.
There is a stone staircase leading down here.
There is a stone staircase leading up here.
You climb upwards.
There is a stone staircase leading down here.
You enter the shallow water.
Moving in this stuff is going to be slow.
There is a stone staircase leading up here.
You climb upwards.
There is a stone staircase leading down here.
An Orb Guardian comes into view.
The Orb Guardian moves out of view.
You see here a +0 whip.
There is a stone staircase leading up, spattered with blood here.
You climb upwards.
There is a stone staircase leading down here.
There is a stone staircase leading up here.
You climb upwards.
There is a stone staircase leading down here.
You feel yourself speed up.
Your extra speed is starting to run out.
There is an open door here.
There is an open door here.
You feel yourself slow down.
A hell hound comes into view.
There is a staircase leading out of the dungeon here.
You have escaped!

.#.#.....###.##################
.#.......#.#..................#
.###.....#.#...#############..#
.# #.......#...#.....#.#.⌠⌠#..#
.###.....#.#...#.....#.+...#..#
.#....####.÷...#.....+.#####..#
.#.#.....###...#.....#.#...#..#
.#...#.#.###...#######h#...#..#
.#.#.#.........#@..'...'...#..#
.###.#.#.###...#...#...#...#..#
.#.[.#.#.# #...######'######..#
.#.###÷#.# #...P...........P..#
.#...#...# #...P..♣.....♣..P..#
.##.##..## #...P...........P..#
.....#...# #...PPPPP...PPPPP..#
######.#.###..................#
)......#...#..................#


You could see a hell hound (wandering).

Vanquished Creatures
  Dissolution (Slime:4)
  Frederick (Vaults:5)
  6 ancient liches
  3 orbs of fire (Zot:5)
  4 dread liches
  The ghost of anacleto the Shapeless Troll, a master TrSh of the Shining One (Zot:3)
  3 juggernauts
  Boris (Vaults:5)
  A curse toe (Zot:2)
  6 Killer Klowns (Zot:5)
  Saint Roka (Depths:1)
  Nikola (Snake:1)
  8 golden dragons
  An iron giant (Depths:2)
  3 electric golems
  21 tentacled monstrosities
  Mlioglotl (Swamp:2)
  2 walking earthen tomes
  2 deep elf master archers (Elf:3)
  2 deep elf blademasters (Elf:3)
  5 titans
  25 Orb Guardians (Zot:5)
  3 liches
  5 quicksilver dragons
  7 sphinxes
  18 acid blobs
  7 death cobs
  2 ancient champions (Vaults:2)
  An Executioner (D:13)
  Kirke (D:15)
  20 storm dragons
  8 shadow dragons
  9 nagarajas
  8 tengu reavers
  Aizul (Snake:1)
  7 rockslimes
  Roxanne (Snake:1)
  3 draconian monks
  7 azure jellies (Slime:5)
  5 frost giants
  8 draconian knights
  7 fire giants
  A fenstrider witch (Swamp:3)
  10 draconian shifters
  A balrug (Depths:3)
  2 protean progenitors (Zot:3)
  19 vault wardens
  5 iron dragons
  3 deep elf elementalists (Elf:3)
  10 deep elf sorcerers
  4 draconian scorchers
  A reaper (Depths:2)
  Louise (Swamp:3)
  A spriggan defender (Depths:1)
  8 draconian annihilators
  5 draconian stormcallers
  22 ironbound preservers
  3 orc warlords
  8 ironbound thunderhulks
  19 very ugly things
  10 quicksilver oozes
  2 broodmothers (Slime:4)
  3 deep elf demonologists
  3 formless jellyfish
  18 stone giants
  3 vampire knights
  9 deep elf death magi
  12 green draconians
  8 purple draconians
  3 eleionomae
  3 bunyips
  11 black draconians
  15 red draconians
  6 dire elephants (Vaults:2)
  2 war gargoyles
  9 yellow draconians
  15 white draconians
  6 spark wasps
  9 deep elf annihilators
  A crystal guardian (Vaults:3)
  Josephine (D:15)
  An entropy weaver (Vaults:1)
  5 ettins
  19 yaktaur captains
  6 deep elf high priests
  6 fire dragons
  Fannar (Lair:1)
  38 vault guards
  A shambling mangrove (Swamp:4)
  9 great orbs of eyes
  13 hydras
  2 rakshasas (Depths:1)
  2 peacekeepers
  A hell beast (Depths:2)
  5 catoblepae
  10 ice dragons
  5 salamander tyrants
  6 ironbound frosthearts
  An ogre mage (Vaults:5)
  2 spriggan air magi
  5 alligators
  8 anacondas
  2 death knights
  2 two-headed ogres
  20 centaur warriors
  2 two-headed ogres (shapeshifter) (Vaults:5)
  7 boulder beetles
  8 orc high priests
  6 deep troll earth magi
  4 hell hogs
  12 deep troll shamans
  17 death yaks
  4 tengu warriors
  9 naga warriors
  An occultist (Depths:1)
  3 shock serpents
  3 spriggan berserkers
  9 deep elf knights
  12 naga sharpshooters
  10 hell knights
  2 soul eaters (Depths:3)
  9 spriggans
  Nergalle (D:12)
  5 sun demons
  7 iron trolls
  A shadow wraith (Vaults:4)
  A titan skeleton (Vaults:4)
  Sonja (D:12)
  3 skeletal warriors (D:12)
  3 sea snakes (shapeshifter)
  11 goliath frogs
  A shining eye (shapeshifter) (Vaults:5)
  7 glowing orange brains
  10 salamander mystics
  A sixfirhy (Depths:2)
  4 arcanists
  62 deep trolls
  3 spriggan druids
  14 swamp dragons
  A deep troll (shapeshifter) (Vaults:5)
  10 mana vipers
  2 flayed ghosts
  9 naga ritualists
  14 lindwurms
  5 bog bodies
  A steelbarb worm (shapeshifter) (Vaults:5)
  11 harpies (Vaults:1)
  28 dancing weapons
  13 deep elf archers
  14 ironbound convokers
  5 necromancers
  7 thermic dynamos
  16 orc knights
  2 wolf spiders (shapeshifter)
  20 deep elf pyromancers
  32 deep elf zephyrmancers
  A wolf spider (D:13)
  3 shining eyes
  8 phantasmal warriors
  6 manticores
  A will-o-the-wisp (Swamp:4)
  22 ugly things
  2 stone giant zombies (Vaults:2)
  3 cyclopes
  A human skeleton (Vaults:2)
  3 orc sorcerers
  21 salamanders
  36 vault sentinels
  19 moths of wrath
  5 meliai
  38 black mambas
  A rust devil (Depths:2)
  12 elephants
  A kobold blastminer (Orc:2)
  16 naga magi
  3 guardian serpents
  2 eyes of devastation
  7 cane toads
  3 torpor snails
  A gargoyle (D:12)
  2 smoke demons (Depths:3)
  An elf skeleton (Vaults:4)
  2 unseen horrors
  A kobold demonologist (D:13)
  3 rime drakes
  6 komodo dragons
  A tormentor (Depths:2)
  2 freezing wraiths
  A yaktaur (shapeshifter) (Elf:1)
  A komodo dragon (shapeshifter) (Vaults:1)
  A merfolk (Slime:4)
  25 yaktaurs
  A polar bear (shapeshifter) (Vaults:5)
  A yaktaur skeleton (Vaults:4)
  3 polar bears
  9 trolls
  10 tyrant leeches
  A queen bee (shapeshifter) (Vaults:5)
  Prince Ribbit (D:5)
  8 hornets
  2 glass eyes
  A snapping turtle (Slime:4)
  34 blink frogs
  A snapping turtle (shapeshifter) (Depths:1)
  6 dream sheep (Lair:4)
  59 slime creatures
  A shadow (D:9)
  2 air elementals
  A culicivora (shapeshifter) (Depths:1)
  2 wyverns
  A water elemental (D:12)
  2 hogs (D:15)
  15 humans
  8 wraiths
  A culicivora (Slime:4)
  9 fire elementals
  48 yaks
  6 basilisks
  A yak (shapeshifter) (D:13)
  A warg (Orc:1)
  9 golden eyes
  4 vampire mosquitoes (D:12)
  2 steam dragons
  4 acid dragons
  18 swamp worms
  2 glowing shapeshifter zombies
  38 nagas
  A hell hound (D:13)
  30 orc warriors
  7 water moccasins
  3 ice beasts
  A glowing shapeshifter skeleton (Vaults:2)
  8 swamp drakes
  A crocodile (Elf:1)
  3 boggarts (Vaults:2)
  A black bear (Lair:3)
  2 ogres (Orc:2)
  15 centaurs
  2 gnoll sergeants
  13 bullfrogs
  3 earth elementals
  2 scorpions
  8 wights
  4 howler monkeys
  5 electric eels (D:12)
  3 bombardier beetles
  A human simulacrum (Vaults:2)
  29 orc priests
  3 hounds
  2 gnoll boudas
  A sleepcap (D:7)
  Jessica (D:2)
  4 iguanas
  20 orc wizards
  15 gnolls
  9 adders
  3 shadow imps
  A white imp (D:5)
  3 dart slugs
  3 ribbon worms
  72 orcs
  7 ball pythons
  6 endoplasms
  4 giant cockroaches
  7 goblins
  5 hobgoblins
  5 kobolds
  5 quokkas
  3 training dummies (D:10)
  5 bats
  3 frilled lizards (D:1)
  2 rats
  5 spectral weapons
2021 creatures vanquished.

Vanquished Creatures (collateral kills)
  A dread lich (Zot:3)
  A juggernaut (Depths:1)
  the Lernaean hydra (Swamp:4)
  Vv (Zot:1)
  Zenata (Vaults:3)
  A tentacled monstrosity (Swamp:2)
  A deep elf blademaster (Elf:2)
  A protean progenitor (Zot:2)
  A vault warden (Vaults:5)
  A stone giant (Depths:1)
  An ironbound thunderhulk (Vaults:3)
  A vampire knight (Depths:1)
  Azrael (D:13)
  2 ettins (Depths:4)
  4 hydras
  2 alligators
  The ghost of partyrob117 the Warrior, a novice MiBe of Trog (D:9)
  A boulder beetle (Zot:2)
  A two-headed ogre (D:9)
  A naga warrior (Snake:3)
  A tengu warrior (D:15)
  2 spriggans
  2 swamp dragons
  A bog body (Swamp:2)
  An orc knight (Vaults:5)
  A deep elf zephyrmancer (Elf:2)
  7 will-o-the-wisps
  2 kobold demonologists (D:9)
  2 komodo dragons (D:10)
  A troll (Vaults:5)
  A bloated husk (Swamp:2)
  2 hornets
  A human (D:13)
  2 nagas (Lair:2)
  2 swamp worms
  A hell hound (D:13)
  An orc warrior (Orc:2)
  2 swamp drakes (Swamp:4)
  A centaur (D:13)
  8 kobold brigands (D:9)
  2 scorpions (D:10)
  3 orcs
71 creatures vanquished.

Vanquished Creatures (others)
  18 dancing weapons
  A komodo dragon (Elf:1)
  A freezing wraith (D:13)
  2 bloated husks
  An air elemental (Elf:2)
  28 foxfires
  37 spectral weapons
88 creatures vanquished.

Grand Total: 2180 creatures vanquished

Notes
Turn   | Place    | Note
-------+----------+-------------------------------------------
     0 | D:1      | TheMeInTeam the Coglin Enchanter began the quest for the
                  | Orb.
     0 | D:1      | Reached XP level 1. HP: 13/13 MP: 3/3
   111 | D:1      | Reached skill level 1 in Short Blades
   237 | D:1      | Reached XP level 2. HP: 20/20 MP: 4/4
   246 | D:1      | Learned a level 2 spell: Ensorcelled Hibernation
   306 | D:1      | Reached skill level 1 in Fighting
   593 | D:1      | Reached XP level 3. HP: 26/26 MP: 6/6
   771 | D:1      | Learned a level 3 spell: Confusing Touch
   854 | D:2      | Noticed Jessica
   988 | D:2      | Found a faded altar of an unknown god.
  1078 | D:2      | Reached XP level 4. HP: 33/33 MP: 7/7
  1305 | D:2      | Found a bloodstained altar of Trog.
  1489 | D:3      | Noticed a gnoll sergeant
  1505 | D:3      | Killed a gnoll sergeant
  1506 | D:3      | Reached XP level 5. HP: 38/39 MP: 8/8
  1859 | D:3      | Found a sparkling altar of Nemelex Xobeh.
  2081 | D:3      | Became a worshipper of Nemelex Xobeh the Trickster
  2391 | D:3      | Reached XP level 6. HP: 47/47 MP: 9/9
  2954 | D:2      | Learned a level 3 spell: Tukima's Dance
  2985 | D:3      | Found a sparkling altar of Nemelex Xobeh.
  3274 | D:4      | Found a bloodstained altar of Trog.
  3630 | D:4      | Reached * piety under Nemelex Xobeh
  3704 | D:4      | Reached XP level 7. HP: 53/53 MP: 2/11
  4192 | D:4      | Learned a level 3 spell: Mephitic Cloud
  4249 | D:4      | Identified 2 scrolls of acquirement
  4249 | D:4      | Acquired the quicksilver dragon scales of Parlour Games
                  | {rElec rC++ Will+}
  4271 | D:4      | Acquired 719 gold pieces
  4291 | D:5      | Entered Level 5 of the Dungeon
  4306 | D:5      | Reached skill level 1 in Invocations
  4463 | D:5      | Noticed Prince Ribbit
  4475 | D:5      | Killed Prince Ribbit
  4476 | D:5      | Reached skill level 1 in Alchemy
  4820 | D:5      | Reached skill level 1 in Conjurations
  4820 | D:5      | Reached skill level 1 in Air Magic
  4936 | D:5      | Reached XP level 8. HP: 60/60 MP: 6/12
  4984 | D:5      | Received a gift from Nemelex Xobeh
  5627 | D:2      | Killed Jessica
  5754 | D:6      | Found an ornate altar of the Wu Jian Council.
  5849 | D:6      | Found a basalt altar of Yredelemnul.
  5938 | D:6      | Reached ** piety under Nemelex Xobeh
  6379 | D:6      | Found a shadowy altar of Dithmenos.
  6440 | D:6      | Received a gift from Nemelex Xobeh
  6508 | D:6      | Found Guxyi's General Store.
  6598 | D:6      | Reached skill level 5 in Fighting
  6609 | D:6      | Reached skill level 5 in Hexes
  6714 | D:6      | Found an opulent altar of Gozag.
  6717 | D:6      | Found an ancient bone altar of Kikubaaqudgha.
  7420 | D:7      | Reached *** piety under Nemelex Xobeh
  7507 | D:7      | Received a gift from Nemelex Xobeh
  7573 | D:7      | Reached XP level 9. HP: 68/68 MP: 7/14
  7748 | D:7      | Reached skill level 5 in Short Blades
  8522 | D:7      | Received a gift from Nemelex Xobeh
  8695 | D:7      | Found a staircase to the Ecumenical Temple.
  8924 | D:7      | Upgraded the game from 0.32-a0-599-gba8f9cf90e to
                  | 0.32-a0-607-g64ea0e4219
  8970 | D:7      | Learned a level 1 spell: Slow
  9406 | D:8      | Identified the +2 leather armour of Sunannui {Fly}
  9443 | D:8      | Noticed a troll
  9460 | D:8      | You are sucked into a shaft and drop 3 floors!
  9553 | D:10     | Entered Level 10 of the Dungeon
  9553 | D:10     | Received a gift from Nemelex Xobeh
  9553 | D:10     | Found Siecwom's Firing Range.
  9561 | D:10     | Bought a throwing net for 30 gold pieces
  9561 | D:10     | Bought 6 curare-tipped darts for 72 gold pieces
  9639 | D:10     | Noticed a komodo dragon
  9654 | D:10     | Reached **** piety under Nemelex Xobeh
  9654 | D:10     | Noticed a komodo dragon
  9663 | D:10     | Killed a komodo dragon
  9664 | D:10     | Noticed a komodo dragon
  9670 | D:10     | Killed a komodo dragon
  9671 | D:10     | Reached skill level 1 in Armour
  9671 | D:10     | Reached XP level 10. HP: 76/76 MP: 16/16
  9834 | D:9      | Noticed a meliai
 10190 | D:8      | Found an iron altar of Okawaru.
 10337 | D:8      | Received a gift from Nemelex Xobeh
 10774 | D:9      | Identified the +1 flail "Zaroinn" {heavy, Str+3 Dex+3}
 10795 | D:9      | Killed a meliai
 10796 | D:9      | Reached skill level 1 in Evocations
 10992 | D:9      | Found a runed translucent gate.
 10992 | D:9      | Found a runed translucent gate.
 10994 | D:9      | Noticed a kobold demonologist
 11011 | D:9      | Noticed a catoblepas
 11022 | D:9      | Killed a catoblepas
 11112 | D:9      | Found a runed translucent gate.
 11113 | D:9      | Noticed partyrob117's ghost (novice MiBe)
 11114 | D:9      | Noticed a kobold demonologist
 11677 | D:9      | Found Akheesm's Magic Scroll Shoppe.
 11680 | D:9      | Bought a scroll of teleportation for 33 gold pieces
 11680 | D:9      | Bought a scroll of blinking for 82 gold pieces
 11680 | D:9      | Bought a scroll of blinking for 82 gold pieces
 11680 | D:9      | Bought a scroll of teleportation for 33 gold pieces
 11680 | D:9      | Bought a scroll of fear for 44 gold pieces
 11680 | D:9      | Bought a scroll of teleportation for 33 gold pieces
 11680 | D:9      | Bought a scroll of identify for 22 gold pieces
 11812 | D:9      | Learned a level 2 spell: Mercury Vapours
 11868 | D:9      | Received a gift from Nemelex Xobeh
 11895 | D:9      | Reached XP level 11. HP: 84/84 MP: 13/17
 11991 | D:9      | Noticed a two-headed ogre
 11997 | D:9      | Killed a two-headed ogre
 12125 | D:9      | Found a snail-covered altar of Cheibriados.
 12554 | D:9      | Found a snail-covered altar of Cheibriados.
 12972 | D:9      | Found Akheesm's Magic Scroll Shoppe.
 13138 | D:9      | Identified the +4 demon trident "Loxiowai" {heavy, *Noise
                  | rC+ rCorr}
 13148 | D:9      | Killed partyrob117's ghost
 13149 | D:9      | Reached skill level 5 in Alchemy
 13170 | D:9      | Acquired the +12 rapier of Famine {vamp, *Slow Will+ rCorr
                  | Dex+4}
 13377 | D:10     | Found a stormy altar of Qazlal.
 13448 | D:10     | Found a staircase to the Orcish Mines.
 13563 | D:10     | Found a staircase to the Lair.
 13763 | D:11     | Noticed a manticore
 13772 | D:11     | Killed a manticore
 13957 | D:11     | Noticed a cyclops
 13966 | D:11     | Killed a cyclops
 14080 | D:11     | Received a gift from Nemelex Xobeh
 14184 | D:11     | Noticed a boulder beetle
 14312 | D:11     | Noticed a purple ugly thing
 14322 | D:11     | Noticed a green ugly thing
 14323 | D:11     | Killed a purple ugly thing
 14330 | D:11     | Killed a green ugly thing
 14331 | D:11     | Reached XP level 12. HP: 93/93 MP: 13/18
 14364 | D:11     | Killed a boulder beetle
 14424 | D:11     | Identified the ring "Xaatel" {Ice *Slow rElec Int-5 Slay+5}
 14424 | D:11     | Noticed a tengu warrior
 14653 | D:11     | Killed a tengu warrior
 14729 | D:11     | Noticed a six-headed hydra
 14732 | D:11     | Killed a six-headed hydra
 15084 | D:11     | Noticed a two-headed ogre
 15746 | D:11     | Killed a two-headed ogre
 15747 | D:11     | Reached skill level 5 in Evocations
 15825 | Lair:1   | Entered Level 1 of the Lair of Beasts
 15949 | Lair:1   | Reached skill level 5 in Air Magic
 15951 | Lair:1   | Reached skill level 5 in Conjurations
 16149 | Lair:1   | Received a gift from Nemelex Xobeh
 16400 | Lair:1   | Identified the +11 quarterstaff of Mokiy {heavy, Int+2
                  | Dex+3}
 16482 | Lair:1   | Received a gift from Nemelex Xobeh
 16482 | Lair:1   | Noticed Fannar
 16508 | Lair:1   | Killed Fannar
 16712 | Lair:1   | Reached ***** piety under Nemelex Xobeh
 16827 | Lair:1   | Identified the ring of Qograminki {Str+2 Dex+6}
 16969 | Lair:1   | Noticed a death yak
 16997 | Lair:1   | Killed a death yak
 16998 | Lair:1   | Reached skill level 5 in Invocations
 17160 | Lair:2   | Reached XP level 13. HP: 94/101 MP: 15/19
 17235 | Lair:2   | Received a gift from Nemelex Xobeh
 17878 | Lair:2   | Reached skill level 10 in Fighting
 17913 | Lair:2   | Reached skill level 5 in Armour
 18059 | Lair:2   | Identified the +0 plate armour "Wiciluci" {rCorr}
 18521 | Lair:2   | Found a staircase to the Snake Pit.
 18793 | Lair:2   | Received a gift from Nemelex Xobeh
 19435 | Lair:3   | Found a staircase to the Swamp.
 19457 | Lair:3   | Received a gift from Nemelex Xobeh
 19476 | Lair:3   | Reached skill level 10 in Short Blades
 20461 | Lair:4   | Received a gift from Nemelex Xobeh
 20558 | Lair:4   | Reached XP level 14. HP: 81/110 MP: 9/20
 20622 | Lair:4   | Acquired a neoneodymium dynamo {rElec Regen+ RegenMP+
                  | Slay+3}
 21233 | Lair:4   | Learned a level 3 spell: Dazzling Flash
 21236 | Lair:4   | Learned a level 2 spell: Blink
 21855 | Lair:5   | Entered Level 5 of the Lair of Beasts
 21910 | Lair:5   | Received a gift from Nemelex Xobeh
 22328 | Lair:5   | Found a runed translucent door.
 22328 | Lair:5   | Found a viscous altar of Jiyva.
 22329 | Lair:5   | Found a staircase to the Slime Pits.
 22467 | Lair:5   | Reached skill level 5 in Spellcasting
 22627 | Lair:5   | Received a gift from Nemelex Xobeh
 22657 | Lair:5   | Reached ****** piety under Nemelex Xobeh
 23006 | Orc:1    | Entered Level 1 of the Orcish Mines
 23367 | Orc:2    | Entered Level 2 of the Orcish Mines
 23614 | Orc:2    | Received a gift from Nemelex Xobeh
 23629 | Orc:2    | Found a roughly hewn altar of Beogh.
 23865 | Orc:2    | Found a staircase to the Elven Halls.
 24011 | Orc:2    | Reached XP level 15. HP: 115/115 MP: 23/23
 24290 | Orc:2    | Found Oreoth's Magic Scroll Shop.
 24290 | Orc:2    | Found Ynokk's Armour Shop.
 24291 | Orc:2    | Found Genonloa's Assorted Antiques.
 24291 | Orc:2    | Found Fiddas's Assorted Antiques.
 24299 | Orc:2    | Bought a potion of heal wounds for 140 gold pieces
 24302 | Orc:2    | Bought a scroll of identify for 28 gold pieces
 24302 | Orc:2    | Bought a scroll of identify for 28 gold pieces
 24302 | Orc:2    | Bought a scroll of immolation for 56 gold pieces
 24302 | Orc:2    | Bought a scroll of butterflies for 56 gold pieces
 24573 | Orc:1    | Received a gift from Nemelex Xobeh
 24784 | D:12     | Noticed Nergalle
 24797 | D:12     | Killed Nergalle
 24981 | D:12     | Received a gift from Nemelex Xobeh
 25427 | D:12     | Noticed Sonja
 25429 | D:12     | Killed Sonja
 25600 | D:12     | Received a gift from Nemelex Xobeh
 26066 | D:13     | Noticed Azrael
 26140 | D:13     | Found a gate to the Vaults.
 26246 | D:13     | Reached skill level 2 in Dodging
 26256 | D:13     | Killed Azrael
 26791 | D:13     | Received a gift from Nemelex Xobeh
 27144 | D:14     | Reached skill level 3 in Dodging
 27586 | D:14     | Reached XP level 16. HP: 119/123 MP: 24/26
 27696 | D:14     | Received a gift from Nemelex Xobeh
 27937 | D:15     | Entered Level 15 of the Dungeon
 28074 | D:15     | Noticed Josephine
 28105 | D:15     | Killed Josephine
 28230 | D:15     | Found Qucoob's Jewellery Shop.
 28275 | D:15     | Reached skill level 4 in Dodging
 28315 | D:15     | Received a gift from Nemelex Xobeh
 28470 | D:15     | Noticed Kirke
 28500 | D:15     | Killed Kirke
 28525 | D:15     | Found Zaxerro's Antique Armour Boutique.
 28539 | D:15     | Found Edi Fim's Antique Armour Boutique.
 28547 | D:15     | Bought a glowing helmet for 300 gold pieces
 28547 | D:15     | Bought a distressingly furry ring mail for 360 gold pieces
 28547 | D:15     | Identified the +2 ring mail of Voracious Mirth {Str+4} (You
                  | bought it in a shop on level 15 of the Dungeon)
 28748 | D:15     | Found a staircase to the Depths.
 28873 | D:15     | Learned a level 5 spell: Yara's Violent Unravelling
 29076 | Swamp:1  | Entered Level 1 of the Swamp
 29269 | Swamp:1  | Reached skill level 10 in Armour
 29685 | Swamp:1  | Received a gift from Nemelex Xobeh
 29772 | Swamp:1  | You fall into a shaft and drop 1 floor!
 29772 | Swamp:2  | Noticed Mlioglotl
 29884 | Swamp:2  | Noticed a tentacled monstrosity
 29886 | Swamp:2  | Noticed a tentacled monstrosity
 29888 | Swamp:2  | Identified the -2 quarterstaff of Azuorak {vamp, Stlth+}
 29892 | Swamp:2  | Killed a tentacled monstrosity
 29897 | Swamp:2  | Killed a tentacled monstrosity
 29900 | Swamp:2  | Reached skill level 5 in Dodging
 30105 | Swamp:2  | Noticed an Executioner
 30164 | Swamp:2  | Noticed a tentacled starspawn
 30227 | Swamp:3  | Noticed a fenstrider witch
 30606 | Snake:1  | Entered Level 1 of the Snake Pit
 30608 | Snake:1  | Received a gift from Nemelex Xobeh
 30715 | Snake:1  | Found Yskateca's Magic Scroll Boutique.
 30722 | Snake:1  | Bought a scroll of blinking for 135 gold pieces
 30722 | Snake:1  | Bought a scroll of teleportation for 54 gold pieces
 30722 | Snake:1  | Bought a scroll of teleportation for 54 gold pieces
 30722 | Snake:1  | Bought a scroll of teleportation for 54 gold pieces
 30722 | Snake:1  | Bought a scroll of identify for 36 gold pieces
 30724 | Snake:1  | Found Meubi's Antique Armour Shop.
 30730 | Snake:1  | Bought a spiked helmet for 304 gold pieces
 30730 | Snake:1  | Identified the +0 helmet of the Crypt {^Drain Will+++ Int-5
                  | SInv} (You bought it in a shop on level 1 of the Snake Pit)
 30845 | Snake:1  | Reached XP level 17. HP: 121/131 MP: 26/29
 31191 | Snake:1  | Noticed Roxanne
 31308 | Snake:1  | Received a gift from Nemelex Xobeh
 31718 | Snake:1  | Identified the serpent talisman "Cimatim" {*Slow Will+
                  | SInv}
 31718 | Snake:1  | Noticed Aizul
 31728 | Snake:1  | Killed Aizul
 31834 | Snake:1  | Reached skill level 6 in Dodging
 32135 | Snake:1  | Identified the +1 pair of gloves "Vuirr" {Str+6 Dex-5
                  | Slay+5}
 32135 | Snake:1  | Noticed Nikola
 32211 | Snake:1  | Killed Nikola
 32438 | Snake:1  | Killed Roxanne
 32495 | Snake:1  | Bought a scroll of silence for 171 gold pieces
 32639 | Snake:2  | Received a gift from Nemelex Xobeh
 33930 | Snake:3  | Received a gift from Nemelex Xobeh
 34181 | Snake:3  | Reached skill level 10 in Alchemy
 34691 | Snake:3  | Found Sinid's Weapon Emporium.
 35295 | Snake:3  | Reached skill level 1 in Translocations
 35325 | Snake:3  | Got Experienced Casting
 35387 | Snake:4  | Entered Level 4 of the Snake Pit
 35509 | Snake:4  | Received a gift from Nemelex Xobeh
 35544 | Snake:4  | Reached XP level 18. HP: 141/141 MP: 29/31
 35672 | Snake:4  | Reached skill level 7 in Dodging
 36603 | Snake:4  | Received a gift from Nemelex Xobeh
 36827 | Snake:4  | Reached skill level 10 in Hexes
 37140 | Snake:4  | Reached skill level 8 in Dodging
 37781 | Snake:4  | Got a serpentine rune of Zot
 38102 | Swamp:2  | Noticed a profane servitor
 38106 | Swamp:2  | Killed Mlioglotl
 38695 | Swamp:3  | Received a gift from Nemelex Xobeh
 38705 | Swamp:3  | Noticed Louise
 38739 | Swamp:3  | Killed Louise
 39095 | Swamp:4  | Entered Level 4 of the Swamp
 39518 | Swamp:4  | Identified the +0 scale mail "Jafong" {Str+3 Dex+2}
 39547 | Swamp:4  | Reached skill level 9 in Dodging
 39625 | Swamp:4  | Received a gift from Nemelex Xobeh
 40125 | Swamp:4  | Noticed the 27-headed Lernaean hydra
 40126 | Swamp:4  | Killed the 27-headed Lernaean hydra
 40127 | Swamp:4  | Reached XP level 19. HP: 149/149 MP: 32/32
 40128 | Swamp:4  | Reached skill level 10 in Spellcasting
 40347 | Swamp:4  | Got a decaying rune of Zot
 40695 | Elf:1    | Entered Level 1 of the Elven Halls
 41150 | Elf:1    | Reached skill level 10 in Dodging
 41404 | Elf:1    | Received a gift from Nemelex Xobeh
 41957 | Elf:2    | Received a gift from Nemelex Xobeh
 42071 | Elf:2    | Reached skill level 10 in Invocations
 42261 | Elf:2    | Found Etsaott's Antique Armour Emporium.
 42316 | Elf:2    | Reached skill level 11 in Dodging
 42380 | Elf:2    | Found a transporter.
 42396 | Elf:2    | Found a transporter.
 42410 | Elf:2    | Found a transporter.
 42419 | Elf:2    | Found a transporter.
 42484 | Elf:2    | Found a transporter.
 42488 | Elf:2    | Found a transporter.
 42535 | Elf:2    | Found a runed translucent gate.
 42538 | Elf:2    | Found a runed translucent gate.
 42539 | Elf:2    | Found a runed translucent gate.
 43195 | D:15     | Acquired 211 gold pieces
 43634 | Elf:2    | Reached skill level 12 in Dodging
 43813 | Elf:3    | Entered Level 3 of the Elven Halls
 43882 | Elf:3    | Received a gift from Nemelex Xobeh
 43944 | Elf:3    | Reached XP level 20. HP: 160/160 MP: 34/34
 44162 | Elf:3    | Found a runed translucent gate.
 44164 | Elf:3    | Found a runed translucent gate.
 44164 | Elf:3    | Found a runed translucent gate.
 44200 | Elf:3    | Identified the +5 scimitar of Circular Logic {drain, Int+6}
 44227 | Elf:3    | Identified the +9 hand axe of the Pharaoh's Fist {flame,
                  | rN+ Will+ Stlth+}
 44239 | Elf:3    | Identified the ring "Plog" {*Corrode MP+9 Str+5 Dex+4 SInv}
 44309 | Elf:3    | Reached skill level 13 in Dodging
 44774 | Elf:3    | Reached skill level 15 in Fighting
 44852 | Elf:3    | Identified the +10 whip "Afise" {heavy, rPois SInv}
 44852 | Elf:3    | Identified the ring "Ymawaos" {rElec MP+9 Str+5 SInv}
 45221 | Elf:3    | Reached skill level 14 in Dodging
 45283 | Elf:3    | Identified the ring "Worisit" {rPois Str+6 Dex-2 SInv}
 45393 | Elf:3    | Identified the +1 dagger "Izxeph" {drain, rC+ Int+2}
 45395 | Elf:3    | Got the Annotations on the Volley and the Legion
 45408 | Elf:3    | Identified the staff of Niclitirix {rN+ Will+ rCorr MP-9
                  | Necro}
 45776 | Vaults:1 | Entered Level 1 of the Vaults
 46186 | Vaults:1 | Received a gift from Nemelex Xobeh
 46843 | Vaults:1 | Received a gift from Nemelex Xobeh
 47111 | Vaults:1 | Found the +7 great mace "Undeadhunter" {deathbane, rN+}
 47267 | Vaults:2 | Found a transporter.
 47333 | Vaults:2 | Reached XP level 21. HP: 160/171 MP: 32/35
 47445 | Vaults:2 | Noticed Jyghoireu's ghost (veteran HOMo)
 47446 | Vaults:2 | Found a bloodstained altar of Trog.
 47454 | Vaults:2 | Found a transporter.
 47513 | Vaults:2 | Identified the +1 short sword of Awkwardness {pain, rF+}
 47545 | Vaults:2 | Paralysed by a formless jellyfish for 1 turns
 47569 | Vaults:2 | Reached skill level 15 in Dodging
 48225 | Vaults:2 | Found a portal to a secret trove of treasure.
 48488 | Vaults:2 | Received a gift from Nemelex Xobeh
 48656 | Vaults:2 | You fall into a shaft and drop 2 floors!
 48986 | Vaults:4 | Reached skill level 16 in Dodging
 49261 | Vaults:4 | Received a gift from Nemelex Xobeh
 49332 | Vaults:4 | Learned a level 4 spell: Olgreb's Toxic Radiance
 49569 | Vaults:3 | Received a gift from Nemelex Xobeh
 49726 | Vaults:3 | Reached XP level 22. HP: 182/184 MP: 26/36
 49781 | Vaults:3 | Received a gift from Nemelex Xobeh
 49782 | Vaults:3 | Noticed Zenata
 49788 | Vaults:3 | Killed Zenata
 50048 | Vaults:3 | Reached skill level 17 in Dodging
 50103 | Vaults:3 | Got Uczu's Papyrus of Litharge and Flame
 50151 | Vaults:3 | Received a gift from Nemelex Xobeh
 50600 | Vaults:3 | Paralysed by a formless jellyfish for 1 turns
 51052 | Vaults:2 | Found a staircase to the Crypt.
 51639 | Vaults:4 | Received a gift from Nemelex Xobeh
 52037 | Depths:1 | Entered Level 1 of the Depths
 52086 | Depths:1 | Found a one-way gateway to a ziggurat.
 52129 | Depths:1 | Noticed a juggernaut
 52143 | Depths:1 | Killed a juggernaut
 52274 | Depths:1 | Received a gift from Nemelex Xobeh
 52276 | Depths:1 | Noticed Saint Roka
 52293 | Depths:1 | Killed Saint Roka
 52422 | Depths:1 | Found a gateway to Hell.
 52937 | Depths:1 | Reached XP level 23. HP: 187/194 MP: 28/37
 53347 | Depths:1 | Identified the +1 shortbow of Bonacuog {antimagic, rN+
                  | Int+3 Dex-3}
 53545 | Depths:2 | Found a one-way gate leading to the halls of Pandemonium.
 53654 | Depths:2 | Reached skill level 18 in Dodging
 53756 | Depths:2 | Noticed a juggernaut
 53756 | Depths:2 | Noticed a juggernaut
 53779 | Depths:2 | Killed a juggernaut
 53780 | Depths:2 | Reached skill level 10 in Evocations
 53787 | Depths:2 | Killed a juggernaut
 53871 | Depths:2 | Found the +6 shillelagh "Devastator" {shatter}
 54694 | Depths:2 | Received a gift from Nemelex Xobeh
 54969 | Depths:3 | Identified the +1 orcbow of Itzocuno {flame, rN+ Will+
                  | Dex+2}
 55125 | Depths:3 | Found a one-way gate to the infinite horrors of the Abyss.
 55351 | Depths:3 | Received a gift from Nemelex Xobeh
 55536 | Depths:3 | Noticed a juggernaut
 55548 | Depths:3 | Killed a juggernaut
 55741 | Depths:3 | Identified the +9 battleaxe of Kerat {speed, rElec rF+}
 55791 | Depths:3 | Received a gift from Nemelex Xobeh
 56207 | Depths:3 | Reached XP level 24. HP: 101/204 MP: 26/37
 56345 | Depths:3 | Received a gift from Nemelex Xobeh
 56553 | Depths:4 | Entered Level 4 of the Depths
 57049 | Depths:4 | Reached skill level 19 in Dodging
 58131 | Depths:4 | Found a gate to the Realm of Zot.
 58523 | Slime:1  | Entered Level 1 of the Pits of Slime
 58614 | Slime:1  | Received a gift from Nemelex Xobeh
 58957 | Slime:4  | Received a gift from Nemelex Xobeh
 59084 | Slime:5  | Entered Level 5 of the Pits of Slime
 59106 | Slime:5  | Noticed the Royal Jelly
 59440 | Slime:5  | Noticed Dissolution
 59471 | Slime:4  | Killed Dissolution
 59472 | Slime:4  | Reached skill level 15 in Evocations
 59818 | Slime:5  | Received a gift from Nemelex Xobeh
 59970 | Slime:5  | the Royal Jelly changed into a titan shaped Royal Jelly
 59970 | Slime:5  | Noticed a titan shaped Royal Jelly
 60302 | Slime:5  | Received a gift from Nemelex Xobeh
 60587 | Slime:5  | Killed a titan shaped Royal Jelly
 60720 | Slime:5  | Identified the +0 pair of boots of the Barracuda {+Inv
                  | rPois}
 60746 | Slime:5  | Got the Incunabulum of Good Intentions
 60779 | Slime:5  | Identified the ring "Femut" {rElec rC+ rN+ Int+2}
 60994 | Slime:5  | Got a slimy rune of Zot
 61009 | Slime:5  | Identified the +3 spear "Jeriat" {chaos, rN+ Dex+5}
 61130 | Slime:2  | Gained mutation: Your health recovers twice as slowly from
                  | being drained. [a shining eye]
 61140 | Slime:2  | Gained mutation: Your magical capacity is low. (-10% MP) [a
                  | shining eye]
 61159 | Slime:1  | Lost mutation: Your health recovers twice as slowly from
                  | being drained. [potion of mutation]
 61159 | Slime:1  | Lost mutation: Your magical capacity is low. (-10% MP)
                  | [potion of mutation]
 61159 | Slime:1  | Gained mutation: You have supernaturally acute eyesight.
                  | (SInv) [potion of mutation]
 61159 | Slime:1  | Gained mutation: You are weak. (Str -2) [potion of
                  | mutation]
 61159 | Slime:1  | Gained mutation: You are vulnerable to heat. (rF-) [potion
                  | of mutation]
 61159 | Slime:1  | Gained mutation: Your natural rate of healing is unusually
                  | fast. [potion of mutation]
 61160 | Slime:1  | Lost mutation: Your natural rate of healing is unusually
                  | fast. [potion of mutation]
 61160 | Slime:1  | Lost mutation: You have supernaturally acute eyesight.
                  | (SInv) [potion of mutation]
 61160 | Slime:1  | Lost mutation: You are weak. (Str -2) [potion of mutation]
 61160 | Slime:1  | Gained mutation: You have a somewhat thin skeletal
                  | structure. (Dex +2, Stealth+) [potion of mutation]
 61160 | Slime:1  | Gained mutation: You have very sharp teeth. [potion of
                  | mutation]
 61161 | Slime:1  | Lost mutation: You have a somewhat thin skeletal structure.
                  | (Dex +2, Stealth+) [potion of mutation]
 61161 | Slime:1  | Lost mutation: You have very sharp teeth. [potion of
                  | mutation]
 61161 | Slime:1  | Gained mutation: Your health recovers twice as slowly from
                  | being drained. [potion of mutation]
 61161 | Slime:1  | Gained mutation: Your flesh is cold resistant. (rC+)
                  | [potion of mutation]
 61162 | Slime:1  | Lost mutation: You are vulnerable to heat. (rF-) [potion of
                  | mutation]
 61162 | Slime:1  | Lost mutation: Your health recovers twice as slowly from
                  | being drained. [potion of mutation]
 61162 | Slime:1  | Gained mutation: You possess an exceptional clarity of
                  | mind. [potion of mutation]
 61162 | Slime:1  | Gained mutation: Your skin changes colour to match your
                  | surroundings (Stealth+). [potion of mutation]
 61454 | Vaults:5 | Entered Level 5 of the Vaults
 61456 | Vaults:5 | Identified the +2 robe of Fortification {Dex+3}
 61456 | Vaults:5 | Noticed Boris
 61690 | Vaults:5 | Noticed a dread lich
 61714 | Vaults:5 | Killed a dread lich
 61736 | Vaults:5 | Noticed a dread lich
 61749 | Vaults:5 | Killed a dread lich
 61762 | Vaults:5 | Reached XP level 25. HP: 209/210 MP: 36/37
 61831 | Vaults:5 | Reached skill level 20 in Dodging
 61917 | Vaults:5 | Identified the +3 leather armour of Discretion {Int+3
                  | Dex+4}
 61925 | Vaults:5 | Identified the +10 trident of Accidental Termination
                  | {flame, Int+4 SInv}
 61925 | Vaults:5 | Identified the ring "Pudgh" {rPois rC+ rCorr Slay-5}
 61929 | Vaults:5 | Killed Boris
 61930 | Vaults:5 | Reached skill level 15 in Armour
 62014 | Vaults:5 | Received a gift from Nemelex Xobeh
 62160 | Vaults:5 | Noticed a dread lich
 62182 | Vaults:5 | Killed a dread lich
 62344 | Vaults:5 | Noticed an ancient lich
 62738 | Vaults:5 | Reached skill level 21 in Dodging
 62764 | Vaults:5 | Gained mutation: Your mind is acute. (Int +4, Str/Dex -1)
                  | [a shining eye]
 62883 | Vaults:5 | Killed an ancient lich
 63151 | Vaults:5 | Identified the orb of Thoughtfulness {*channel, rPois MP+9
                  | Tloc}
 63151 | Vaults:5 | Noticed Frederick
 63159 | Vaults:5 | Killed Frederick
 63293 | Vaults:5 | Identified the scarf of Rosmel {+Inv, *Slow Str+2 Stlth+}
 63398 | Vaults:5 | Identified the +11 shortbow of Impatience {heavy, rPois
                  | rCorr}
 63402 | Vaults:5 | Identified the +0 pair of boots of Salvation {rCorr Str+5
                  | Stlth+}
 63537 | Vaults:5 | Received a gift from Nemelex Xobeh
 63680 | Vaults:5 | Found Feppaonoca's Armour Boutique.
 63690 | Vaults:5 | Got a silver rune of Zot
 64473 | Zot:1    | Entered Level 1 of the Realm of Zot
 64760 | Zot:1    | Noticed Vv
 64845 | Zot:1    | Killed Vv
 64990 | Zot:1    | Reached XP level 26. HP: 218/218 MP: 34/37
 65456 | Zot:1    | Reached skill level 22 in Dodging
 65706 | Zot:1    | Received a gift from Nemelex Xobeh
 66415 | Zot:2    | Identified the +1 robe "Ydicetab" {rF+ Will+}
 66801 | Zot:2    | Received a gift from Nemelex Xobeh
 66945 | Zot:2    | Reached skill level 5 in Stealth
 67794 | Zot:3    | Found a runed translucent gate.
 67794 | Zot:3    | Found a runed translucent gate.
 67794 | Zot:3    | Found a runed translucent gate.
 67794 | Zot:3    | Noticed a dread lich
 67794 | Zot:3    | Noticed an ancient lich
 67794 | Zot:3    | Noticed an ancient lich
 67794 | Zot:3    | Noticed anacleto's ghost (master TrSh)
 67794 | Zot:3    | Noticed an ancient lich
 67795 | Zot:3    | Found an ancient bone altar of Kikubaaqudgha.
 68085 | Zot:3    | Killed a dread lich
 68360 | Zot:3    | Killed an ancient lich
 68481 | Zot:3    | Killed anacleto's ghost
 68556 | Zot:3    | Killed an ancient lich
 68579 | Zot:3    | Identified the -1 hat of Rationality {Str+3}
 68587 | Zot:3    | Got Kikubaaqudgha's Secrets of the Tomb
 68674 | Zot:4    | Reached XP level 27. HP: 213/228 MP: 31/37
 68740 | Zot:4    | Reached skill level 23 in Dodging
 69101 | Zot:4    | Received a gift from Nemelex Xobeh
 69352 | Zot:5    | Entered Level 5 of the Realm of Zot
 70493 | Zot:5    | Received a gift from Nemelex Xobeh
 70581 | Zot:5    | Noticed an orb of fire
 70590 | Zot:5    | Killed an orb of fire
 70590 | Zot:5    | Noticed an orb of fire
 70600 | Zot:5    | Killed an orb of fire
 70764 | Zot:5    | Noticed a dread lich
 70794 | Zot:5    | Killed a dread lich
 70827 | Zot:5    | Noticed an orb of fire
 70832 | Zot:5    | Gained mutation: Your spells are a little easier to cast,
                  | but a little less powerful. [an orb of fire]
 70838 | Zot:5    | Killed an orb of fire
 71057 | Zot:5    | Noticed an ancient lich
 71082 | Zot:5    | Killed an ancient lich
 71112 | Zot:5    | Noticed an ancient lich
 71146 | Zot:5    | Killed an ancient lich
 71185 | Zot:5    | Noticed an ancient lich
 71356 | Zot:5    | Noticed an ancient lich
 71371 | Zot:5    | Killed an ancient lich
 71399 | Zot:5    | Received a gift from Nemelex Xobeh
 71441 | Zot:5    | Reached skill level 10 in Stealth
 71842 | Zot:5    | Lost mutation: Your mind is acute. (Int +4, Str/Dex -1)
                  | [potion of mutation]
 71842 | Zot:5    | Lost mutation: Your flesh is cold resistant. (rC+) [potion
                  | of mutation]
 71842 | Zot:5    | Gained mutation: Your flesh is cold resistant. (rC+)
                  | [potion of mutation]
 71842 | Zot:5    | Gained mutation: You are strong-willed. (Will+) [potion of
                  | mutation]
 71843 | Zot:5    | Lost mutation: Your spells are a little easier to cast, but
                  | a little less powerful. [potion of mutation]
 71843 | Zot:5    | Lost mutation: You possess an exceptional clarity of mind.
                  | [potion of mutation]
 71843 | Zot:5    | Lost mutation: You are strong-willed. (Will+) [potion of
                  | mutation]
 71843 | Zot:5    | Gained mutation: Your mind is acute. (Int +4, Str/Dex -1)
                  | [potion of mutation]
 71843 | Zot:5    | Gained mutation: Armour fits poorly on your strangely
                  | shaped body. [potion of mutation]
 71843 | Zot:5    | Lost mutation: Armour fits poorly on your strangely shaped
                  | body. [potion of mutation]
 71851 | Zot:5    | Got the Orb of Zot
 71923 | Zot:2    | Noticed Ashosogh the pandemonium lord
 72493 | D:$      | Escaped with the Orb!

Illustrated notes

Levels and vault maps discovered:
D:1:      evilmike_arrival_home_sweet_home, layout_basic
D:2:      minmay_diamond_boxcup, layout_rooms, basic_altar,
          hellmonk_ecumenical_altar_arch_garden, uniq_jessica
D:3:      layout_basic, lemuel_doored_altar
D:4:      layout_layer_cave, mainiacjoe_overflow_boulevard, serial_bayou_ford_a,
          chequers_serial_rivers_small_a
D:5:      cheibrodos_helix_gallery, layout_cave_pods, uniq_prince_ribbit1
D:6:      layout_layer_cave, nicolae_dithmenos_through_a_glass_darkly,
          mainiacjoe_overflow_tiny_flanked,
          chequers_temple_overflow_statue_of_worship,
          mainiacjoe_overflow_six_doors_small, minmay_misc_feat_square,
          nicolae_take_the_stairs, grunt_ministairs_15,
          dreamdust_mushroom_princess, minmay_misc_feat_rows
D:7:      layout_layer_cave, minmay_temple_entry_fiery,
          kennysheep_generic_room_4
D:8:      layout_basic, okawaru_ov_weapons_minmay
D:9:      layout_long_grid, slow_altar_1, serial_shops,
          nicolae_shop_behind_doors, gammafunk_ghost_nasty_kobolds,
          hangedman_minor_gate_pass
D:10:     layout_roguey, grunt_qazlal_clouds, grunt_lair_entry_orc_guard_hut,
          david_orc_3, serial_bayou_pond_a, nicolae_shop_firing_range
D:11:     minmay_distorted_concentric_squares, layout_loops_ring,
          portal_ice_cave_rime, hangedman_decor_slide_cut, minmay_radiant
D:12:     layout_basic, uniq_sonja, uniq_nergalle
D:13:     layout_gridville, david_vaults_3, uniq_azrael
D:14:     layout_roguey, minmay_misc_feat_iff
D:15:     grunt_enter_depths_hoard, layout_irregular_city, serial_shops, shop,
          nicolae_shop_trees, shop, serial_bayou_pond_e, serial_park_tiny_pond,
          uniq_josephine, uniq_kirke
Lair:1:   layout_cave_pods, uniq_fannar
Lair:2:   layout_cave_shapes, guppyfry_snake_entry_garden
Lair:3:   layout_small_grid, swamp_mist
Lair:4:   layout_cave_pods, dpeg_oklob_1
Lair:5:   evilmike_catoblepas_cave, layout_long_grid, slime_entry_2,
          small_statue_intersection, small_statue_intersection
Swamp:1:  layout_falls_marsh, evilmike_swamp_ruin_house_2, st_swamp_ruins_1
Swamp:2:  layout_basic_swamp, hangedman_swamp_diagram, uniq_mlioglotl
Swamp:3:  layout_basic_swamp, evilmike_swamp_ruin_rubble_1,
          nicolae_swamp_tree_isthmus, uniq_louise
Swamp:4:  swamp_old_school, layout_basic_swamp
Snake:1:  layout_grid_maze, nicolae_snake_magic_snake_eye, minmay_shoptagon,
          uniq_aizul, uniq_roxanne, uniq_nikola
Snake:2:  layout_basic
Snake:3:  layout_layer_cave, serial_shops, nicolae_shop_tiny_statue_garden,
          nicolae_snake_single_loop, serial_library_regret_index_headful,
          grunt_megastairs_1
Snake:4:  johnstein_snake_rune_scales, layout_cave_town, serial_bayou_crossing
Slime:1:  layout_caves
Slime:2:  layout_caves
Slime:3:  layout_caves
Slime:4:  layout_caves, nicolae_slime_phagocytosis
Slime:5:  slime_pit_nicolae_jellycorners, uniq_dissolution
Orc:1:    layout_caves
Orc:2:    st_orc_pillars, layout_diamond_mine, nicolae_orc_seminary
Elf:1:    elf_arrival_002, layout_loops_corners, nicolae_elf_blasts_and_bolts,
          minmay_misc_feat_diagonals
Elf:2:    elven_hall_of_blades_hangedman_original
          [nicolae_blade_entry_antechamber], layout_gridlike, serial_shops,
          nicolae_lakefront_shop, serial_nicolae_subway,
          nicolae_sub_station_crystal, nicolae_sub_station_stone,
          nicolae_sub_station_metal
Elf:3:    minmay_elf_hall_curves, layout_loops_corners,
          nicolae_elf_hall_of_bonks
Vaults:1: nicolae_vaults_mush_room, nicolae_vaults_hexular_roomagon,
          nicolae_vaults_storage_closets_2, nicolae_vaults_storage_room_doors,
          nicolae_vaults_door_testing_chamber, nicolae_vaults_three_branches,
          nicolae_vaults_trapezoid_3, vaults_room_grunt_arrival_checkpoint,
          vaults_dpeg_spiral, ontoclasm_vaults_pinch, nicolae_vaults_octothorpe,
          nicolae_vaults_two_Ls, nicolae_vaults_sesquioval_fish,
          nicolae_vaults_sesquioval_fish, layout_vaults_ring
Vaults:2: gammafunk_ghost_wrathful_warriors,
          nicolae_vaults_trapezoid_lopsided_3, nicolae_vaults_trapezoid_2,
          v_rooms_4, nicolae_vaults_trapezoid_lopsided_2,
          nicolae_vaults_shipping_containers_7,
          nicolae_vaults_network_quinsquares
          [nicolae_vaults_network_quincunx_subvault,
          nicolae_vaults_network_quincunx_subvault,
          nicolae_vaults_network_quincunx_subvault,
          nicolae_vaults_network_quincunx_subvault], hangedman_vaults_capsules,
          nicolae_vaults_windows_and_doors_thing, vaults_room_large_hall,
          minmay_crypt_entry_simple_walls, nicolae_vaults_layer_cake_slice,
          layout_vaults_omnibox, nicolae_trove_entry_diagonal
Vaults:3: v_alt_pattern_4, hangedman_vaults_stitches, dpeg_vaults_monster_box,
          hangedman_vaults_nails, nicolae_vaults_sesquioval_fish, v_rooms_3,
          nicolae_vaults_closet_pinwheel_2,
          nicolae_vaults_corridor_and_loot_room,
          ontoclasm_vaults_decontamination, nicolae_vaults_diamond_2,
          layout_vaults_omnicross, uniq_zenata
Vaults:4: minmay_orc_keep, nicolae_vaults_closet_pinwheel_5,
          nicolae_vaults_closet_pinwheel_2, st_lattice,
          nicolae_vaults_more_shelving_2,
          vaults_standard_mumra_enter_the_diamond, v_misc_15,
          vaults_dpeg_encased_lava, nicolae_vaults_variable_pillar_hall,
          layout_vaults_big_room
Vaults:5: uniq_frederick, uniq_boris
Depths:1: layout_honeycomb, enter_ziggurat_e, pf_coc_iceberg,
          chequers_serial_rivers_large_b, nicolae_rejected_hall, uniq_saint_roka
Depths:2: minmay_roctagon, layout_gridville, hellmouth_1, grunt_pan_entry_zigzag
Depths:3: minmay_three_patterns, layout_gridville,
          nicolae_concentric_dashed_squares_wild, hellmouth_3, abyss_entry
Depths:4: evilmike_zot_entry_hall, layout_honeycomb, pf_hell_entry_tar_spiral,
          minmay_misc_feat_secret_circle
Zot:1:    layout_concentric_octagons, regret_index_zotdec_carving_tricks,
          uniq_vv
Zot:2:    layout_gridlike, regret_index_zotdec_banners
Zot:3:    layout_misc_corridors, gammafunk_ghost_crypt,
          regret_index_zotdec_golden_two_three, hangedman_zot_diagonal_lockstep
Zot:4:    layout_misc_corridors
Zot:5:    layout_misc_corridors

Skill      XL: |  1  2  3  4  5  6  7  8  9 10 11 12 13 14 15 16 17 18 19 20 21 22 23 24 25 26 27 |
---------------+----------------------------------------------------------------------------------+-----
Short Blades   | 1 2 3 4 5 6 7 8 10 12 14 | 14.0
Fighting       | 1 2 3 4 5 6 7 8 9 10 11 12 13 14 16 18 19 20 21 22 | 22.5
Spellcasting   | 2 3 4 5 7 8 9 10 | 10.0
Hexes          | 3 4 5 6 7 8 9 10 11 12 13 | 13.0
Invocations    | 1 2 3 4 5 6 7 8 9 10 | 10.0
Alchemy        | 1 2 3 4 5 6 8 10 11 12 | 12.0
Conjurations   | 1 2 3 4 5 6 |  6.0
Air Magic      | 1 2 3 4 5 6 |  6.0
Armour         | 1 2 3 4 6 8 9 10 11 13 14 17 | 17.0
Evocations     | 2 4 5 6 9 12 16 | 16.0
Dodging        | 3 5 6 9 12 14 16 17 18 19 21 22 23 | 23.9
Translocations | 1 4 |  4.0
Stealth        | 6 10 | 10.0

Action                     |  1- 3 |  4- 6 |  7- 9 | 10-12 | 13-15 | 16-18 | 19-21 | 22-24 | 25-27 || total
---------------------------+-------+-------+-------+-------+-------+-------+-------+-------+-------++-------
  Melee: Dagger            |   124 |   147 |   199 |   304 |   774 |   949 |    54 |       |       ||  2551
         Whip              |       |    61 |       |       |       |       |       |       |       ||    61
         Falchion          |       |    37 |   209 |    85 |       |       |       |       |       ||   331
         Rapier            |       |       |       |   234 |   812 |   956 |  1017 |   998 |   923 ||  4940
         Quick blade       |       |       |       |       |       |       |  1070 |  1874 |  1843 ||  4787
  Throw: Javelin           |       |       |     1 |     1 |       |       |       |       |       ||     2
         Dart              |       |       |       |     6 |    26 |    44 |     1 |       |       ||    77
   Cast: Ensorcelled Hiber |     3 |     3 |     1 |       |       |       |       |       |       ||     7
         Confusing Touch   |       |    10 |    39 |    56 |   108 |   225 |   144 |   201 |   124 ||   907
         Tukima's Dance    |       |     3 |     8 |    17 |    45 |    11 |     2 |    29 |       ||   115
         Mercury Vapours   |       |       |       |     3 |       |       |    28 |     8 |       ||    39
         Mephitic Cloud    |       |       |       |     4 |    90 |    37 |    77 |    50 |   103 ||   361
         Dazzling Flash    |       |       |       |       |       |    44 |     3 |    35 |    62 ||   144
         Yara's Violent Un |       |       |       |       |       |    32 |    53 |    40 |    42 ||   167
         Blink             |       |       |       |       |       |     1 |       |     3 |     1 ||     5
         Olgreb's Toxic Ra |       |       |       |       |       |       |       |    22 |    10 ||    32
 Invoke: Draw Summoning    |       |       |     2 |     7 |     1 |     6 |     4 |     2 |    11 ||    33
         Draw Destruction  |       |       |       |     8 |    18 |     3 |     1 |     3 |       ||    33
         Stack Five        |       |       |       |       |     1 |       |       |       |       ||     1
         Deal Four         |       |       |       |       |     1 |     2 |     3 |     1 |       ||     7
Ability: Invent Gizmo      |       |       |       |       |     1 |       |       |       |       ||     1
  Evoke: Wand              |       |       |     3 |     2 |     8 |     5 |     1 |     3 |     3 ||    25
         Phantom mirror    |       |       |       |     1 |     1 |     2 |     1 |     2 |       ||     7
         Tin of tremorston |       |       |       |       |       |       |     2 |     2 |       ||     4
         Phial of floods   |       |       |       |       |       |       |       |       |     1 ||     1
         Sack of spiders   |       |       |       |       |       |       |       |       |     1 ||     1
    Use: Scroll            |     4 |     4 |     4 |     6 |    12 |    12 |    12 |    13 |    18 ||    85
         Potion            |       |     4 |       |       |       |    10 |       |    12 |    10 ||    36
   Stab: Sleeping          |    14 |    12 |     6 |     7 |     2 |     5 |     4 |     4 |     2 ||    56
         Invisible         |       |     2 |       |       |       |    39 |     2 |    22 |    47 ||   112
         Confused          |       |     7 |    33 |    83 |   222 |   322 |   273 |   347 |   348 ||  1635
         Distracted        |       |       |       |       |       |       |     8 |    30 |    29 ||    67
 Armour: Robe              |    24 |    68 |    85 |   133 |    87 |       |       |       |       ||   397
         Leather armour    |       |       |       |    19 |       |       |       |       |   280 ||   299
         Quicksilver drago |       |       |       |       |   321 |   600 |   424 |   502 |   138 ||  1985
  Dodge: Dodged            |    27 |    64 |    91 |   137 |   233 |   395 |   430 |   690 |   765 ||  2832

Table legend: (Time is in decaauts)
 A = Elapsed time spent in this place.
 B = Non-inter-level travel time spent in this place.
 C = Inter-level travel time spent in this place.
 D = Time resting spent in this place.
 E = Time spent auto-exploring this place.
 F = Levels seen in this place.
 G = Mean time per level.
                   A        B        C        D        E       F      G
               +--------+--------+--------+--------+--------+-----+--------+
         Total |  70251 |  64004 |   6247 |   5676 |  38931 |  52 | 1351.0 |
       Dungeon |  21026 |  18722 |   2304 |   1155 |  13265 |  15 | 1401.7 |
          Lair |   7468 |   6511 |    957 |    374 |   4422 |   5 | 1493.6 |
         Swamp |   4033 |   3877 |    156 |    563 |   1896 |   4 | 1008.2 |
     Snake Pit |   7045 |   6740 |    305 |    738 |   3922 |   4 | 1761.2 |
    Slime Pits |   2463 |   2346 |    117 |    390 |    798 |   5 |  492.6 |
  Orcish Mines |   2225 |   1542 |    683 |     34 |    846 |   2 | 1112.5 |
   Elven Halls |   4432 |   4039 |    393 |    399 |   2247 |   3 | 1477.3 |
        Vaults |   8142 |   7535 |    607 |    373 |   4231 |   5 | 1628.4 |
        Depths |   6286 |   5824 |    462 |    439 |   3669 |   4 | 1571.5 |
           Zot |   7126 |   6866 |    260 |   1207 |   3633 |   5 | 1425.2 |
               +--------+--------+--------+--------+--------+-----+--------+

Top non-repeatable levels by time:
   Zot:5: 2379 daAuts
     D:9: 2362 daAuts
 Snake:4: 2223 daAuts
Vaults:5: 2054 daAuts
 Snake:3: 2045 daAuts
Depths:3: 2020 daAuts
    D:11: 1898 daAuts
  Lair:2: 1892 daAuts
 Snake:1: 1836 daAuts
   Elf:3: 1816 daAuts
     D:7: 1806 daAuts
Vaults:2: 1693 daAuts
  Lair:1: 1686 daAuts
   Orc:2: 1674 daAuts
    D:12: 1632 daAuts
